 Dungeon Crawl Stone Soup version 0.31-a0-4-gefa6de2278 (webtiles) character file.

Game seed: 12380727852325678878

632 lunkers the Geomancer (level 8, -10/52 HPs)
             Began as a Meteoran Earth Elementalist on May 3, 2023.
             Was a Believer of Hepliaklqana.
             Mangled by a sleepcap (11 damage)
             ... on level 4 of the Dungeon.
             The game lasted 00:05:00 (2010 turns).

lunkers the Geomancer (Meteoran Earth Elementalist) Turns: 2010, Time: 00:05:01

Health: -10/52     AC:  3    Str: 10    XL:     8   Next: 6%
Magic:  0/17       EV:  2    Int: 18    God:    Hepliaklqana [**....]
Gold:   162        SH:  0    Dex: 15    Spells: 8/18 levels left

rFire   . . .        p - +1 dagger (venom)
rCold   . . .        (no shield)
rNeg    . . .        a - +1 robe
rPois   .            (no helmet)
rElec   .            (no cloak)
rCorr   .            (no gloves)
SInv    .            (no boots)
Will    +....        l - amulet of guardian spirit
Stlth   +            (no ring)
HPRegen 0.28/turn    (no ring)
MPRegen 0.15/turn

%: guardian spirit
@: sleeping, glowing
A: reduced essence, sense surroundings 1, otherworldly, glowing, explore regen
a: Renounce Religion, Recall Ancestor, Ancestor Identity


You were on level 4 of the Dungeon.
You worshipped Hepliaklqana.
Hepliaklqana was pleased with you.
You visited 1 branch of the dungeon, and saw 4 of its levels.
You also visited: Sewer.

You collected 162 gold pieces.

Inventory:

Hand Weapons
 p - a +1 dagger of venom (weapon)
Missiles
 j - a throwing net
Armour
 a - a +1 robe (worn)
 s - the +0 leather armour of Music {Will+ Str+3 Int+2}
   (You found it in a sewer)

   Str:       It affects your strength (+3).
   Int:       It affects your intelligence (+2).
   Will:      It increases your willpower.
Jewellery
 l - an amulet of guardian spirit (around neck)
Scrolls
 c - 2 scrolls of enchant armour
 d - a scroll of fear
 g - 2 scrolls of poison
 r - a scroll of silence
Potions
 b - a potion of magic
 f - a potion of attraction
 h - a potion of might
 i - 2 potions of lignification
 k - a potion of invisibility
 o - 2 potions of flight {unknown}
 q - a potion of haste {unknown}


   Skills:
 + Level 0.5 Fighting
 + Level 2.6 Dodging
 - Level 1.4 Stealth
 + Level 5.8 Spellcasting
 + Level 0.7 Conjurations
 - Level 1.2 Transmutations
 * Level 8.4 Earth Magic
 + Level 0.7 Invocations


You had 8 spell levels left.
You knew the following spells:

 Your Spells              Type           Power      Damage    Failure   Level
a - Sandblast             Erth           70%        2d15      1%          1
b - Passwall              Tmut/Erth      18%        N/A       2%          2
c - Stone Arrow           Conj/Erth      42%        3d9       5%          3
d - Petrify               Tmut/Erth      22%        N/A       17%         4

Your spell library contained the following spells:

 Spells                   Type           Power      Damage    Failure   Level
 Apportation              Tloc           10%        N/A       12%         1
 Scorch                   Fire           10%        2d5       19%         2
 Flame Wave               Conj/Fire      6%         2d5       71%         4
 Alistair's Intoxication  Tmut/Pois      4%         N/A       95%         5
 Summon Forest            Summ/Tloc      2%         N/A       98%         5
 Eringya's Noxious Bog    Tmut/Pois      3%         N/A       100%        6
 Summon Cactus Giant      Summ           2%         N/A       100%        6
 Summon Hydra             Summ           2%         N/A       100%        7


Dungeon Overview and Level Annotations

Branches:
Dungeon (4/15) Zot: 579     Sewer (visited)
 Temple: D:4-7

Altars:
Hepliaklqana

Annotations:
D:3 2 transporters, mandoloar's ghost, amateur OpTm


Innate Abilities, Weirdness & Mutations

Your life essence is reduced to manifest your ancestor. (-10% HP)
You passively map a small area around you.
You are easily found by Zot.
You glow in the dark.
You regain HP and MP as you explore.


Message History

* * * LOW MAGIC WARNING * * *
The sleepcap releases spores at you.
* * * LOW MAGIC WARNING * * *
* * * LOW HITPOINT WARNING * * *
You are engulfed in a cloud of soporific spores!
You are unaffected.
The sleepcap releases spores at you.
* * * LOW MAGIC WARNING * * *
* * * LOW HITPOINT WARNING * * *
You are engulfed in a cloud of soporific spores!
You are unaffected.
Unknown command.
Unknown command.
Aiming: Sandblast (safe; 1% risk of failure)
Press: ? - help, Q - select action, (/) - cycle Shift-Dir - straight line, f/p - sleepcap
Aim: a sleepcap (heavily damaged, 100% to hit)
The blast of sand hits the sleepcap!
The sleepcap is almost destroyed.
* * * LOW MAGIC WARNING * * *
The sleepcap releases spores at you.
* * * LOW MAGIC WARNING * * *
* * * LOW HITPOINT WARNING * * *
You are engulfed in a cloud of soporific spores!
You are unaffected.
Unknown command.
You aren't carrying any items that you can evoke.
Unknown command.
You hit the sleepcap but do no damage.
The sleepcap is poisoned.
The sleepcap is almost destroyed.
The sleepcap releases spores at you.
* * * LOW HITPOINT WARNING * * *
You are engulfed in a cloud of soporific spores!
You are unaffected.
You hit the sleepcap but do no damage.
The sleepcap is almost destroyed.
The sleepcap releases spores at you.
* * * LOW HITPOINT WARNING * * *
You are engulfed in a cloud of soporific spores!
You fall asleep.
The sleepcap releases spores at you!
You die...

* * * , ############# ,
.#.#.#.#.#.#.#.#.##
......f@..........######
,
.#.#.#.#.#.#.#.#.#.....#
..............####..
,#.#.#.#.#.#.#.#.##... ,
.................##.#. *
*
#.#.#.#.#.#.#.#.#.##.#.
*
...................##...
.#.#.#.#.#.#.#.#.#....##
, #...... ..............


You could see a sleepcap (very poisoned).

Vanquished Creatures
  A phantom (D:4)
  2 bullfrogs (Sewer)
  A scorpion (D:4)
  A hound (D:4)
  An orc priest (D:4)
  An orc wizard (D:4)
  A sleepcap (D:3)
  4 gnolls (D:3)
  11 adders
  6 dart slugs
  3 orcs (D:4)
  5 bats (D:1)
  15 endoplasms
  11 giant cockroaches
  8 goblins
  4 hobgoblins
  7 jackals
  7 kobolds
  8 quokkas
  12 ball pythons
  11 frilled lizards
  2 rats
122 creatures vanquished.

Vanquished Creatures (collateral kills)
  A hobgoblin (D:2)
1 creature vanquished.

Grand Total: 123 creatures vanquished

Notes
Turn   | Place    | Note
-------+----------+-------------------------------------------
     0 | D:1      | lunkers the Meteoran Earth Elementalist began the quest for
                  | the Orb.
     0 | D:1      | Reached XP level 1. HP: 14/14 MP: 5/5
    42 | D:1      | Reached skill level 4 in Earth Magic
    42 | D:1      | Reached XP level 2. HP: 17/20 MP: 3/6
   257 | D:1      | Found a faded altar of an unknown god.
   263 | D:1      | Reached XP level 3. HP: 26/26 MP: 6/8
   271 | D:1      | Prayed at the altar of an unknown god.
   271 | D:1      | Became a worshipper of Hepliaklqana the Forgotten
   271 | D:1      | Reached * piety under Hepliaklqana
   362 | D:1      | Learned a level 2 spell: Passwall
   366 | D:1      | Learned a level 3 spell: Stone Arrow
   551 | D:2      | Reached skill level 5 in Earth Magic
   551 | D:2      | Reached XP level 4. HP: 26/29 MP: 7/10
   669 | D:2      | Reached ** piety under Hepliaklqana
   676 | D:2      | Remembered your ancestor Vesna as a knight
   835 | D:2      | You fall into a shaft and drop 2 floors!
   842 | D:4      | Reached XP level 5. HP: 34/34 MP: 8/11
   849 | D:4      | Reached skill level 6 in Earth Magic
   879 | D:3      | Reached XP level 6. HP: 26/40 MP: 3/13
  1045 | D:3      | Found a transporter.
  1049 | D:3      | Noticed mandoloar's ghost (amateur OpTm)
  1110 | D:3      | Found a transporter.
  1386 | D:3      | Found a glowing drain.
  1509 | Sewer    | Entered a sewer
  1517 | Sewer    | Learned a level 4 spell: Petrify
  1535 | Sewer    | Reached skill level 7 in Earth Magic
  1605 | Sewer    | Reached skill level 5 in Spellcasting
  1650 | Sewer    | Reached XP level 7. HP: 39/45 MP: 10/15
  1728 | Sewer    | Identified the +0 leather armour of Music {Will+ Str+3
                  | Int+2}
  1962 | D:4      | Reached skill level 8 in Earth Magic
  1997 | D:4      | Reached XP level 8. HP: 46/52 MP: 13/17
  2009 | D:4      | HP: 1/52 [sleepcap (5)]
  2010 | D:4      | Mangled by a sleepcap

Illustrated notes

Levels and vault maps discovered:
D:1:      tarquinn_simple_flora_water_b, layout_basic, serial_shops,
          nicolae_square_shop, ebering_ecumenical_altar_sacrificial,
          st_stairs_13
D:2:      layout_rooms
D:3:      layout_loops_corners, gammafunk_ghost_stat_death,
          gup_sewer_entry_glass, minmay_misc_feat_four_crosses
D:4:      layout_rooms, serial_bayou_pond_d, st_stairs_11,
          minmay_fractal_squares_gapless_5

Skill      XL: |  1  2  3  4  5  6  7 |
---------------+----------------------+-----
Earth Magic    | 4 5 6 7 8 |  8.4
Spellcasting   | 3 4 5 |  5.8
Fighting       | |  0.5
Dodging        | |  2.6
Stealth        | |  1.4
Conjurations   | |  0.7
Transmutations | |  1.2
Invocations    | |  0.7

Action                     |  1- 3 |  4- 6 |  7- 9 || total
---------------------------+-------+-------+-------++-------
  Melee: Dagger            |       |       |     2 ||     2
   Cast: Sandblast         |    42 |    96 |    45 ||   183
 Invoke: Ancestor Life: Kn |       |     1 |       ||     1
    Use: Scroll            |       |       |    11 ||    11
 Armour: Robe              |     4 |     5 |     2 ||    11
  Dodge: Dodged            |     6 |    24 |     6 ||    36

Table legend: (Time is in decaauts)
 A = Elapsed time spent in this place.
 B = Non-inter-level travel time spent in this place.
 C = Inter-level travel time spent in this place.
 D = Time resting spent in this place.
 E = Time spent auto-exploring this place.
 F = Levels seen in this place.
 G = Mean time per level.
                   A        B        C        D        E       F      G
               +--------+--------+--------+--------+--------+-----+--------+
         Total |   2167 |   2098 |     69 |      0 |   1459 |   5 |  433.4 |
       Dungeon |   1819 |   1750 |     69 |      0 |   1305 |   4 |  454.8 |
         Sewer |    347 |    347 |      0 |      0 |    154 |   1 |  347.0 |
               +--------+--------+--------+--------+--------+-----+--------+

Top non-repeatable levels by time:
     D:3: 759 daAuts
     D:2: 470 daAuts
     D:1: 393 daAuts
   Sewer: 347 daAuts
     D:4: 196 daAuts
